 Dungeon Crawl Stone Soup version 0.24-a0-474-g47c397e050 (webtiles) character file.

Game seed: 5090138050338475053

546 Inquire the Chucker (level 7, -2/52 HPs)
             Began as a Demonspawn Hunter on July 5, 2019.
             Slain by a crocodile (18 damage)
             ... in a sewer.
             The game lasted 00:08:39 (4988 turns).

Inquire the Chucker (Demonspawn Hunter)             Turns: 4988, Time: 00:08:40

Health: -2/52      AC:  9    Str: 13    XL:     7   Next: 6%
Magic:  7/7        EV: 12    Int: 12    God:
Gold:   179        SH:  5    Dex: 15    Spells: 2/6 levels left

rFire    . . .     SeeInvis .   a - +0 short sword
rCold    . . .     Gourm    .   r - +0 buckler
rNeg     . . .     Faith    .   b - +0 leather armour
rPois    .         Spirit   .   p - +2 helmet
rElec    .         Reflect  .   o - +0 cloak
rCorr    .         Harm     .   (no gloves)
MR       .....                  (no boots)
Stlth    +++.......             (no amulet)
HPRegen  0.17/turn              (no ring)
MPRegen  0.10/turn              (no ring)

@: no status effects
A: talons 2, iridescent scales 1, nightstalker 1, powered by death 1
a: no special abilities


You were in a sewer.
You were not hungry.

You visited 1 branch of the dungeon, and saw 5 of its levels.
You also visited: Sewer.

You collected 179 gold pieces.

Inventory:

Hand Weapons
 a - a +0 short sword (weapon)
Missiles
 c - 3 javelins
 q - 11 poisoned darts (quivered)
Armour
 b - a +0 leather armour (worn)
 o - a +0 cloak (worn)
 p - a +2 helmet (worn)
 r - a +0 buckler (worn)
Scrolls
 e - 3 scrolls of teleportation
 i - a scroll of identify
 j - a scroll of fog
 n - 4 scrolls of remove curse {unknown}
 s - a scroll of amnesia {unknown}
 t - a scroll of fear {unknown}
Potions
 g - 3 potions of cancellation
 h - 3 potions of heal wounds {unknown}
 k - a potion of haste
 l - 2 potions of flight
 m - 2 potions of ambrosia
 u - a potion of agility
 w - a potion of berserk rage {unknown}
Comestibles
 f - 6 rations
 v - 2 chunks of flesh


   Skills:
 - Level 3.1 Fighting
 * Level 3.2 Short Blades
 - Level 4.0 Throwing
 - Level 2.3 Dodging
 * Level 3.9 Stealth
 * Level 2.8 Shields


You had 2 spell levels left.
You knew the following spells:

 Your Spells              Type           Power        Failure   Level  Hunger
a - Passwall              Tmut/Erth      #.......     58%         2    ###....
b - Sticks to Snakes      Tmut           #.......     58%         2    ###....

Your spell library contained the following spells:

 Spells                   Type           Power        Failure   Level  Hunger
 Corona                   Hex            #......      43%         1    ##.....
 Ensorcelled Hibernation  Hex/Ice        #.....       58%         2    ###....
 Confuse                  Hex            #.......     82%         3    ####...
 Dazzling Spray           Conj/Hex       #.....       82%         3    ####...
 Spider Form              Tmut/Pois      #.........   82%         3    ####...
 Tukima's Dance           Hex            #.......     82%         3    ####...
 Ice Form                 Ice/Tmut       #.......     99%         4    #####..
 Dragon's Call            Summ           #.........   100%        9    #######


Dungeon Overview and Level Annotations

Branches:
Dungeon (5/15)
 Temple: D:4-7

Altars:
Ru

Annotations:
D:2 2 transporters


Innate Abilities, Weirdness & Mutations

You have razor-sharp toenails.
You are partially covered in iridescent scales. (AC +2)
You are slightly more attuned to the shadows.
You regenerate a little health from kills.


Message History

Throwing (i - inventory. (/) - cycle)
q - 14 poisoned darts (quivered)
Press: ? - help, Shift-Dir - straight line, f/p - crocodile
Aim: a crocodile (severely wounded, poisoned)
You throw a poisoned dart. The poisoned dart hits the crocodile.
The crocodile is severely wounded.
The crocodile bites you!
Throwing (i - inventory. (/) - cycle)
q - 13 poisoned darts (quivered)
Press: ? - help, Shift-Dir - straight line, f/p - crocodile
Aim: a crocodile (severely wounded, poisoned)
You throw a poisoned dart. The poisoned dart hits the crocodile.
The crocodile looks even sicker.
The crocodile is severely wounded.
The crocodile bites you!
Throwing (i - inventory. (/) - cycle)
q - 12 poisoned darts (quivered)
Press: ? - help, Shift-Dir - straight line, f/p - crocodile
Aim: a crocodile (severely wounded, poisoned)
You throw a poisoned dart.
The poisoned dart barely misses the crocodile.
The crocodile bites you!!
You die...

#### ....## .....#
.....################
.(.(..(..(.....t@∩..#
.....####.###########
.....# #.# ....## #.#
#### #.# #.# #.#
##.## ##...##


You could see a crocodile.

Vanquished Creatures
  A sky beast (D:5)
  An ogre (D:4)
  A centaur (D:5)
  A jelly (D:5)
  An orc wizard (D:5)
  2 worker ants (D:4)
  6 adders
  3 oozes
  4 worms
  A dart slug (D:1)
  2 leopard geckos
  3 orcs
  A ball python (D:5)
  14 bats
  7 giant cockroaches
  7 goblins
  4 hobgoblins
  20 jackals
  9 kobolds
  6 quokkas
  3 frilled lizards
  A jackal skeleton (D:4)
  12 rats
110 creatures vanquished.

Notes
Turn   | Place    | Note
-------+----------+-------------------------------------------
     0 | D:1      | Inquire the Demonspawn Hunter began the quest for the Orb.
     0 | D:1      | Reached XP level 1. HP: 16/16 MP: 1/1
   236 | D:1      | Gained mutation: You have sharp toenails. [demonic
                  | ancestry]
   236 | D:1      | Reached XP level 2. HP: 22/22 MP: 2/2
   691 | D:1      | Reached skill level 4 in Throwing
   730 | D:1      | Gained mutation: You are slightly more attuned to the
                  | shadows. [demonic ancestry]
   730 | D:1      | Reached XP level 3. HP: 12/28 MP: 3/3
  1204 | D:2      | Reached skill level 1 in Stealth
  1217 | D:2      | Found a transporter.
  1311 | D:2      | Noticed a scorpion
  1314 | D:2      | Found a sacrificial altar of Ru.
  1445 | D:2      | Noticed a hungry ghost
  1478 | D:2      | Found a transporter.
  1866 | D:2      | Gained mutation: You have razor-sharp toenails. [demonic
                  | ancestry]
  1866 | D:2      | Reached XP level 4. HP: 34/35 MP: 4/4
  2096 | D:2      | Reached skill level 1 in Short Blades
  3290 | D:3      | Gained mutation: You regenerate a little health from kills.
                  | [demonic ancestry]
  3290 | D:3      | Reached XP level 5. HP: 40/41 MP: 5/5
  3484 | D:3      | HP: 1/41 [gnoll/+0 halberd (10)]
  3807 | D:4      | Noticed an ogre
  3831 | D:4      | Killed an ogre
  3831 | D:4      | Reached skill level 1 in Shields
  4019 | D:4      | Identified the Guide on Creative Transformation
  4028 | D:4      | Learned a level 2 spell: Passwall
  4062 | D:4      | Learned a level 2 spell: Sticks to Snakes
  4110 | D:4      | Reached XP level 6. HP: 41/47 MP: 6/6
  4496 | D:5      | Entered Level 5 of the Dungeon
  4663 | D:5      | Noticed a sky beast
  4738 | D:5      | Killed a sky beast
  4757 | D:5      | Gained mutation: You are partially covered in iridescent
                  | scales. (AC +2) [demonic ancestry]
  4757 | D:5      | Reached XP level 7. HP: 50/52 MP: 7/7
  4903 | D:5      | Found a glowing drain.
  4907 | Sewer    | Entered a sewer
  4988 | Sewer    | Slain by a crocodile

Levels and vault maps discovered:
D:1:      psy_arrival_spokes, layout_loops_ring
D:2:      layout_basic, gammafunk_temple_overflow_arena
D:3:      layout_basic, first_ration
D:4:      layout_basic
D:5:      wander_guarded_unrand_ratskin, layout_basic, gup_sewer_entry_spiral,
          hangedman_abyss_or_decor_stabs
Sewer:    sewer_big_baddie

Skill      XL: |  1  2  3  4  5  6 |
---------------+-------------------+-----
Dodging        | 2 |  2.3
Throwing       | 4 |  4.0
Stealth        | 1 2 3 |  3.9
Fighting       | 3 |  3.1
Short Blades   | 1 2 3 |  3.2
Shields        | 1 2 |  2.8

Action                   |  1- 3 |  4- 6 |  7- 9 || total
-------------------------+-------+-------+-------++-------
Melee: Short sword       |   103 |   233 |    38 ||   374
       Kick              |    23 |    59 |     8 ||    90
Throw: Javelin           |    16 |     9 |       ||    25
       Dart              |       |    13 |     8 ||    21
       Throwing net      |       |     3 |     1 ||     4
  Use: Scroll            |     5 |     8 |       ||    13
       Potion            |       |     1 |       ||     1
 Stab: Sleeping          |     3 |    11 |     4 ||    18
       Held in net/web   |       |     3 |       ||     3
  Eat: Chunk             |     3 |     5 |     2 ||    10
       Ration            |       |     1 |       ||     1
Armor: Leather armour    |    38 |    61 |     7 ||   106
Dodge: Dodged            |    87 |   123 |    15 ||   225
Block: Buckler           |       |    33 |     5 ||    38

Table legend:
 A = Non-vault XP
 B = Vault XP
 C = Vault XP percentage of total XP
 D = Non-vault monster count
 E = Vault monster count
 F = Vault count percentage of total count
                 A         B        C        D         E       F
            +---------+---------+-------+---------+---------+-------
      Total |     761 |      20 |   2.6 |      99 |      11 |  10.0
            +---------+---------+-------+---------+---------+-------
        D:1 |      51 |       0 |   0.0 |      29 |       0 |   0.0
        D:2 |      83 |       0 |   0.0 |      25 |       0 |   0.0
        D:3 |      68 |       0 |   0.0 |      18 |       0 |   0.0
        D:4 |     241 |       0 |   0.0 |      20 |       0 |   0.0
        D:5 |     318 |      11 |   3.3 |       7 |       6 |  46.2
      Sewer |       0 |       9 | 100.0 |       0 |       5 | 100.0
            +---------+---------+-------+---------+---------+-------
